 Dungeon Crawl Stone Soup version 0.31-a0-435-g2c6fae2916 (webtiles) character file.

Game seed: 15169056318656882788

62 bobarctor the Grasshopper (level 4, 0/38 HPs)
             Began as a Gnoll Warper on Aug 2, 2023.
             Slain by a black bear (2 damage)
             ... on level 2 of the Dungeon.
             The game lasted 00:07:36 (1589 turns).

bobarctor the Grasshopper (Gnoll Warper)            Turns: 1589, Time: 00:07:37

Health: 0/38       AC:  3    Str: 11    XL:     4   Next: 8%
Magic:  3/11       EV: 13    Int: 12    God:
Gold:   90         SH:  5    Dex: 13    Spells: 6/13 levels left

rFire   . . .        a - +0 mace
rCold   . . .        (no shield)
rNeg    . . .        b - +0 leather armour
rPois   .            (no helmet)
rElec   .            (no cloak)
rCorr   .            (no gloves)
SInv    .            (no boots)
Will    .....        k - amulet of reflection
Stlth   +            (no ring)
HPRegen 0.26/turn    (no ring)
MPRegen 0.12/turn

%: reflection
@: on blink cooldown
A: fangs 1, strong nose, distributed training
a: no special abilities


You were on level 2 of the Dungeon.
You visited 1 branch of the dungeon, and saw 2 of its levels.

You collected 90 gold pieces.

Inventory:

Hand Weapons
 a - a +0 mace (weapon)
Missiles
 d - 7 darts of dispersal
 g - 2 javelins (quivered)
 m - 4 stones
Armour
 b - a +0 leather armour (worn)
Jewellery
 k - an amulet of reflection (around neck)
Wands
 j - a wand of polymorph (3)
Scrolls
 c - a scroll of blinking
 e - a scroll of teleportation {unknown}
 f - 2 scrolls of revelation {unknown}
 h - a scroll of acquirement {unknown}
 i - a scroll of immolation {unknown}
 l - a scroll of identify {unknown}


   Skills:
 + Level 4.6 Fighting
 + Level 1.0 Short Blades
 + Level 1.0 Long Blades
 + Level 1.0 Axes
 + Level 4.6 Maces & Flails
 + Level 1.0 Polearms
 + Level 1.0 Staves
 + Level 1.0 Ranged Weapons
 + Level 2.7 Throwing
 + Level 2.7 Armour
 + Level 4.6 Dodging
 + Level 1.0 Stealth
 + Level 1.0 Shields
 + Level 1.0 Unarmed Combat
 + Level 5.0 Spellcasting
 + Level 0.8 Conjurations
 + Level 0.8 Hexes
 + Level 0.8 Summonings
 + Level 0.8 Necromancy
 + Level 5.4 Translocations
 + Level 0.8 Transmutations
 + Level 0.8 Fire Magic
 + Level 0.8 Ice Magic
 + Level 0.8 Air Magic
 + Level 0.8 Earth Magic
 + Level 0.8 Poison Magic
 + Level 1.1 Invocations
 + Level 1.0 Evocations
 + Level 0.8 Shapeshifting


You had 6 spell levels left.
You knew the following spells:

 Your Spells              Type           Power      Damage    Failure   Level
a - Blink                 Tloc           32%        N/A       4%          2
b - Lesser Beckoning      Tloc           32%        N/A       4%          2
c - Teleport Other        Tloc           16%        N/A       9%          3

Your spell library contained the following spells:

 Spells                   Type           Power      Damage    Failure   Level
 Vhi's Electric Charge    Tloc/Air       20%        N/A       22%         3
 Cigotuvi's Dreadful Rot  Necr/Pois/Air  10%        N/A       26%         2
 Manifold Assault         Tloc           16%        N/A       26%         4
 Ignite Poison            Fire/Tmut/Pois 5%         N/A       47%         3
 Freezing Cloud           Conj/Ice/Air   2%         6-21      99%         5


Dungeon Overview and Level Annotations

Branches:
Dungeon (2/15)

Altars:


Innate Abilities, Weirdness & Mutations

You have very sharp teeth.
Your uncanny sense of smell can sniff out nearby items.
Your experience applies equally to all skills.


Message History

The black bear bites you. The black bear closely misses you.
The black bear claws you.
You barely miss the black bear.
The black bear is heavily wounded.
The black bear barely misses you. The black bear claws you.
The black bear barely misses you.
Cast which spell? (? or * to list)
Aiming: Teleport Other (dangerous; 9% risk of failure)
Press: ? - help, Shift-Dir - straight line, f/p - black bear
Aim: a black bear (moderately wounded, chance to affect: 55%)
Okay, then.
Casting: Teleport Other (dangerous; 9% risk of failure)
Confirm with . or Enter, or press ? or * to list all spells.
Okay, then.
Casting: Teleport Other (dangerous; 9% risk of failure)
Confirm with . or Enter, or press ? or * to list all spells.
You blink.
Casting: Blink (safe; 4% risk of failure)
Confirm with . or Enter, or press ? or * to list all spells.
Aiming: Teleport Other (dangerous; 9% risk of failure)
Press: ? - help, Shift-Dir - straight line, f/p - black bear
Aim: a black bear (moderately wounded, chance to affect: 55%)
The black bear resists with significant effort.
The black bear barely misses you. You block the black bear's attack. x2
The black bear attacks as you move away!
The black bear bites you!
* * * LOW HITPOINT WARNING * * *
The black bear barely misses you. You block the black bear's attack.
Casting: Teleport Other (dangerous; 9% risk of failure)
Confirm with . or Enter, or press ? or * to list all spells.
Aiming: Teleport Other (dangerous; 9% risk of failure)
Press: ? - help, Shift-Dir - straight line, f/p - black bear
Aim: a black bear (moderately wounded, chance to affect: 55%)
The black bear looks slightly unstable.
The black bear barely misses you. You block the black bear's attack. x2
The black bear attacks as you move away!
The black bear bites you!
* * * LOW HITPOINT WARNING * * *
The black bear claws you.
You die...

###.##.# ∆ #....#.### #
#......... # ∆ (#.##.#.##. #
####.#.##.#.##. ##
####..(.#......... .#
###.......#.##.#.##† ## ∆
##.........#.##....#. # ∆
##...@h.....#.##...... #
#..####.###.#......... #
##..##...# ######.###
#...#....# # #.# #...#....#
.# #.# ##........# ..# ##'##
# #....#######..# ##...## .#
#. #....# ###...# ##.....# .#
##...#....####.....###.......


You could see a black bear (teleporting).

Vanquished Creatures
  A worm (D:2)
  4 dart slugs (D:1)
  5 ball pythons
  2 bats (D:1)
  4 endoplasms
  3 goblins
  5 hobgoblins (D:2)
  8 jackals
  2 kobolds
  2 quokkas (D:2)
  4 frilled lizards
  8 rats
48 creatures vanquished.

Notes
Turn   | Place    | Note
-------+----------+-------------------------------------------
     0 | D:1      | bobarctor the Gnoll Warper began the quest for the Orb.
     0 | D:1      | Reached XP level 1. HP: 20/20 MP: 6/6
   129 | D:1      | Reached XP level 2. HP: 26/26 MP: 7/7
   132 | D:1      | Learned a level 2 spell: Blink
   135 | D:1      | Learned a level 2 spell: Lesser Beckoning
   389 | D:1      | Reached XP level 3. HP: 27/31 MP: 9/9
   392 | D:1      | Reached skill level 5 in Spellcasting
   398 | D:1      | Learned a level 3 spell: Teleport Other
   621 | D:1      | Reached skill level 1 in Invocations
  1136 | D:2      | Reached skill level 1 in Short Blades
  1136 | D:2      | Reached skill level 1 in Long Blades
  1136 | D:2      | Reached skill level 1 in Axes
  1136 | D:2      | Reached skill level 1 in Polearms
  1136 | D:2      | Reached skill level 1 in Staves
  1136 | D:2      | Reached skill level 1 in Ranged Weapons
  1136 | D:2      | Reached skill level 1 in Stealth
  1136 | D:2      | Reached skill level 1 in Shields
  1136 | D:2      | Reached skill level 1 in Unarmed Combat
  1136 | D:2      | Reached skill level 1 in Evocations
  1502 | D:2      | Reached XP level 4. HP: 36/38 MP: 11/11
  1577 | D:2      | Noticed a black bear
  1589 | D:2      | Slain by a black bear

Illustrated notes

Levels and vault maps discovered:
D:1:      psy_arrival_radial02, layout_basic
D:2:      minmay_recursive_quarters, layout_loops_corners, minmay_pentomino_z2

Skill      XL: |  1  2  3 |
---------------+----------+-----
Spellcasting   | 5 |  5.0
Invocations    | 1 |  1.1
Short Blades   | 1 |  1.0
Long Blades    | 1 |  1.0
Axes           | 1 |  1.0
Polearms       | 1 |  1.0
Staves         | 1 |  1.0
Ranged Weapons | 1 |  1.0
Stealth        | 1 |  1.0
Shields        | 1 |  1.0
Unarmed Combat | 1 |  1.0
Evocations     | 1 |  1.0
Fighting       | |  4.6
Maces & Flails | |  4.6
Throwing       | |  2.7
Armour         | |  2.7
Dodging        | |  4.6
Conjurations   | |  0.8
Hexes          | |  0.8
Summonings     | |  0.8
Necromancy     | |  0.8
Translocations | |  5.4
Transmutations | |  0.8
Fire Magic     | |  0.8
Ice Magic      | |  0.8
Air Magic      | |  0.8
Earth Magic    | |  0.8
Poison Magic   | |  0.8
Shapeshifting  | |  0.8

Action                     |  1- 3 |  4- 6 || total
---------------------------+-------+-------++-------
  Melee: Mace              |   137 |    22 ||   159
         Bite              |    10 |       ||    10
         Punch             |     1 |       ||     1
  Throw: Javelin           |     3 |     2 ||     5
   Cast: Teleport Other    |       |     2 ||     2
         Blink             |       |     1 ||     1
 Armour: Leather armour    |    29 |     8 ||    37
  Dodge: Dodged            |    93 |    20 ||   113
  Block: Other             |     9 |    13 ||    22

Table legend: (Time is in decaauts)
 A = Elapsed time spent in this place.
 B = Non-inter-level travel time spent in this place.
 C = Inter-level travel time spent in this place.
 D = Time resting spent in this place.
 E = Time spent auto-exploring this place.
 F = Levels seen in this place.
 G = Mean time per level.
                   A        B        C        D        E       F      G
               +--------+--------+--------+--------+--------+-----+--------+
         Total |   1622 |   1577 |     45 |     19 |   1097 |   2 |  811.0 |
       Dungeon |   1622 |   1577 |     45 |     19 |   1097 |   2 |  811.0 |
               +--------+--------+--------+--------+--------+-----+--------+

Top non-repeatable levels by time:
     D:1: 864 daAuts
     D:2: 758 daAuts
